 Dungeon Sprint DCSS version 0.23-a0-607-g760965b (webtiles) character file.

427 JosiahThimblerig the Cleaver (level 6, -2/61 HPs)
             Began as a Hill Orc Fighter on Dec 20, 2018.
             Was an Initiate of Vehumet.
             Slain by Sonja
             ... wielding a +2 short sword of distortion
              (16 damage)
             ... in the Dungeon (Sprint I: "Red Sonja").
             The game lasted 00:03:58 (723 turns).

JosiahThimblerig the Cleaver (Hill Orc Fighter)      Turns: 723, Time: 00:04:00

Health: -2/61      AC:  8    Str: 19    XL:     6   Next: 97%
Magic:  6/6        EV:  8    Int:  9    God:    Vehumet [......]
Gold:   17         SH: 11    Dex: 11    Spells: 4/5 levels left

rFire    . . .     SeeInvis .   a - +0 war axe
rCold    . . .     Gourm    .   c - +0 shield
rNeg     . . .     Faith    .   b - +0 scale mail
rPois    .         Spirit   .   (no helmet)
rElec    .         Reflect  .   (no cloak)
rCorr    .         Harm     .   (no gloves)
MR       .....     NoTele   +   (no boots)
Stlth    ..........             (no amulet)
HPRegen  0.20/turn              (no ring)
MPRegen  0.10/turn              (no ring)

@: lethally poisoned (-2 -> -31), slowed, very slow
A: no striking features
a: Renounce Religion


You were in the Dungeon.
You worshipped Vehumet.
Vehumet was noncommittal.
You were not hungry.

You visited 1 branch You collected 297 gold pieces.
You spent 280 gold pieces at shops.

Inventory:

Hand Weapons
 a - a +0 war axe (weapon)
 l - a +0 club
 n - a +0 giant club
 o - a +0 scythe
 q - a cursed -3 spear
Armour
 b - a +0 scale mail (worn)
 c - a +0 shield (worn)
 m - a +0 scale mail
 p - a +1 robe of fire resistance
 s - a +0 buckler
Scrolls
 k - a scroll of blinking
Potions
 d - a potion of might
 e - a potion of curing
 g - a potion of heal wounds
 h - a potion of haste
 i - 2 potions of magic
 j - a potion of berserk rage
 r - a potion of brilliance {unknown}
Comestibles
 f - a ration


   Skills:
 + Level 8.1 Fighting
 + Level 10.1 Axes
 + Level 9.5 Armour
 + Level 0.2 Stealth
 + Level 8.2 Shields


You had 4 spell levels left.
You knew the following spells:

 Your Spells              Type           Power        Failure   Level  Hunger
a - Animate Skeleton      Necr           N/A          94%         1    ##.....

Your spell library contained the following spells:

 Spells                   Type           Power        Failure   Level  Hunger
 Apportation              Tloc           #.....       94%         1    ##.....
 Confusing Touch          Hex            #.....       94%         1    ##.....
 Summon Small Mammal      Summ           #...         94%         1    ##.....


Dungeon Overview and Level Annotations

Branches:
Dungeon (1/1)

Altars:
Cheibriados
Dithmenos
Elyvilon
Fedhas
Gozag
Hepliaklqana
Kikubaaqudgha
Nemelex Xobeh
Okawaru
Qazlal
Ru
Sif Muna
Trog
Uskayaw
Vehumet
Wu Jian
Yredelemnul
Zin
The Shining One

Shops:
D :

Annotations:
D Sonja


Message History

You have difficulty breathing.
You feel as though you will be slow longer.
Sonja shoots a curare-tipped needle.
The curare-tipped needle hits you.
You are more poisoned.
You have difficulty breathing.
You feel as though you will be slow longer.
You see here 2 curare-tipped needles.
You feel very sick.
Sonja unwields a +0 blowgun.
Sonja wields a +2 short sword of distortion.
Its appearance distorts for a moment.
Sonja hits you with a +2 short sword of distortion.
You block Sonja's attack. Sonja hits you but does no damage.
Space warps horribly around you!
Sonja hits you with a +2 short sword of distortion.
Space bends around you.
* * * LOW HITPOINT WARNING * * *
Sonja barely misses you. Sonja hits you but does no damage.
Space warps horribly around you!
You die...

#..#####'#####'#
#..####..#...#.#
#..#__####..##.#
#..#_____##'#_.+
#⌠⌠#_.∩...'.(._#
####_..__##_.#'#
#_____###(#.#
#########(###


+$@$+ #$K$# ##.## #+# You could see Sonja.

Vanquished Creatures
  A yak (D)
  Sigmund (D)
  An ogre (D)
  A jelly (D)
  Ijyb (D)
5 creatures vanquished.

Vanquished Creatures (others)
  A gargoyle (D)
1 creature vanquished.

Grand Total: 6 creatures vanquished

Notes
Turn   | Place    | Note
-------+----------+-------------------------------------------
     0 | D        | JosiahThimblerig the Hill Orc Fighter began the quest for
                  | the Orb.
     0 | D        | Reached XP level 1. HP: 19/19 MP: 1/1
     2 | D        | Noticed Ijyb
    27 | D        | Killed Ijyb
    27 | D        | Reached skill level 4 in Axes
    27 | D        | Reached XP level 2. HP: 9/28 MP: 2/2
    27 | D        | Reached XP level 3. HP: 11/34 MP: 3/3
   236 | D        | Noticed an ogre
   242 | D        | Killed an ogre
   242 | D        | Reached skill level 6 in Axes
   242 | D        | Reached XP level 4. HP: 44/44 MP: 4/4
   253 | D        | Noticed Sigmund
   268 | D        | Killed Sigmund
   268 | D        | Reached skill level 8 in Axes
   268 | D        | Reached XP level 5. HP: 24/52 MP: 5/5
   268 | D        | Reached XP level 6. HP: 28/60 MP: 6/6
   629 | D        | Found an ornate altar of the Wu Jian Council.
   629 | D        | Found a deep blue altar of Sif Muna.
   631 | D        | Found a radiant altar of Vehumet.
   633 | D        | Killed a gargoyle
   664 | D        | Found Guopt's Book Emporium.
   664 | D        | Found an ancient bone altar of Kikubaaqudgha.
   664 | D        | Found a hazy altar of Hepliaklqana.
   664 | D        | Found a stormy altar of Qazlal.
   664 | D        | Found a hide-covered altar of Uskayaw.
   664 | D        | Found a blossoming altar of Fedhas.
   664 | D        | Found a bloodstained altar of Trog.
   664 | D        | Found an iron altar of Okawaru.
   664 | D        | Found a basalt altar of Yredelemnul.
   664 | D        | Found a glowing golden altar of the Shining One.
   664 | D        | Found a snail-covered altar of Cheibriados.
   664 | D        | Found a sacrificial altar of Ru.
   664 | D        | Found a glowing silver altar of Zin.
   664 | D        | Found a shadowy altar of Dithmenos.
   664 | D        | Found a white marble altar of Elyvilon.
   664 | D        | Noticed a yak
   666 | D        | Became a worshipper of Vehumet
   673 | D        | Killed a yak
   673 | D        | Reached skill level 10 in Axes
   674 | D        | Found an opulent altar of Gozag.
   675 | D        | Found a sparkling altar of Nemelex Xobeh.
   679 | D        | Bought a book of Cantrips for 280 gold pieces
   681 | D        | Learned a level 1 spell: Animate Skeleton
   720 | D        | Noticed Sonja
   723 | D        | Slain by Sonja

Vault maps used:
D:        dungeon_sprint_1

Skill      XL: |  1  2  3  4  5  6 |
---------------+-------------------+-----
Fighting       | 4 6 7 8 |  8.1
Axes           | 4 6 8 10 | 10.1
Armour         | 4 6 8 9 |  9.5
Shields        | 4 6 7 8 |  8.2
Stealth        | |  0.2

Action                   |  1- 3 |  4- 6 || total
-------------------------+-------+-------++-------
Melee: War axe           |    31 |    17 ||    48
Armor: Scale mail        |    10 |     6 ||    16
Dodge: Dodged            |     6 |     7 ||    13
Block: Shield            |    15 |     6 ||    21

Table legend:
 A = Non-vault XP
 B = Vault XP
 C = Vault XP percentage of total XP
 D = Non-vault monster count
 E = Vault monster count
 F = Vault count percentage of total count
                 A         B        C        D         E       F
            +---------+---------+-------+---------+---------+-------
      Total |       0 |     611 | 100.0 |       0 |       5 | 100.0
            +---------+---------+-------+---------+---------+-------
          D |       0 |     611 | 100.0 |       0 |       5 | 100.0
            +---------+---------+-------+---------+---------+-------
